 Dungeon Crawl Stone Soup version 0.30-a0-373-gd37427bb62 (webtiles) character file.

Game seed: 6709466383408555328

1151 p00ps00p the Trooper (level 8, 0/71 HPs)
             Began as a Hill Orc Fighter on Nov 24, 2022.
             Slain by a gnoll sergeant
             ... wielding a +0 trident
              (12 damage)
             ... on level 5 of the Dungeon.
             The game lasted 00:05:14 (4124 turns).

p00ps00p the Trooper (Hill Orc Fighter)             Turns: 4124, Time: 00:05:15

Health: 0/71       AC: 10    Str: 21    XL:     8   Next: 38%
Magic:  8/8        EV:  6    Int:  8    God:
Gold:   222        SH:  9    Dex: 10    Spells: 7/7 levels left

rFire   . . .      SeeInvis .    a - +0 war axe
rCold   . . .      Faith    .    v - +0 kite shield
rNeg    . . .      Spirit   .    s - +0 chain mail
rPois   +          Reflect  .    (no helmet)
rElec   .          Harm     .    (no cloak)
rCorr   .          Rampage  .    (no gloves)
Will    .....                    (no boots)
Stlth   ..........               (no amulet)
HPRegen 0.31/turn                q - ring of poison resistance
MPRegen 0.11/turn                (no ring)

@: no status effects
A: no striking features
a: no special abilities


You were on level 5 of the Dungeon.
You visited 1 branch of the dungeon, and saw 5 of its levels.

You collected 222 gold pieces.

Inventory:

Hand Weapons
 a - a +0 war axe (weapon)
Missiles
 o - 4 javelins (quivered)
 u - 11 poisoned darts
Armour
 b - a +1 scale mail
 c - a +0 buckler
 s - a +0 chain mail (worn)
 v - a +0 kite shield (worn)
Jewellery
 q - a ring of poison resistance (left hand)
Scrolls
 h - 3 scrolls of identify
 i - a scroll of enchant armour
 j - 3 scrolls of teleportation
 k - 2 scrolls of silence
 n - a scroll of torment {unknown}
 w - a scroll of brand weapon {unknown}
Potions
 d - 2 potions of might
 e - 3 potions of curing
 f - 3 potions of lignification
 g - 2 potions of mutation {unknown}
 l - a potion of invisibility {unknown}
 m - a potion of berserk rage
 p - 3 potions of degeneration {unknown}
 r - a potion of cancellation {unknown}
 t - 2 potions of flight {unknown}


   Skills:
 + Level 6.8 Fighting
 + Level 6.8 Axes
 + Level 6.2 Armour
 + Level 6.2 Shields


You had 7 spell levels left.
You didn't know any spells.
Your spell library contained the following spells:

 Spells                   Type           Power      Damage    Failure   Level
 Gell's Gravitas          Tloc           0%         N/A       100%        3
 Inner Flame              Hex/Fire       0%         N/A       100%        3
 Ozocubu's Armour         Ice            0%         N/A       100%        3
 Teleport Other           Tloc           0%         N/A       100%        3
 Flame Wave               Conj/Fire      0%         2d4       100%        4
 Sticky Flame             Conj/Fire      0%         2d3       100%        4
 Metabolic Englaciation   Hex/Ice        0%         N/A       100%        5
 Dispersal                Tloc           0%         N/A       100%        6
 Simulacrum               Ice/Necr       0%         N/A       100%        6


Dungeon Overview and Level Annotations

Branches:
Dungeon (5/15)
 Temple: D:4-7

Altars:


Message History

You are too injured to fight recklessly!
You are too injured to fight recklessly!
You are too injured to fight recklessly!
You are too injured to fight recklessly!
You are too injured to fight recklessly!
You are too injured to fight recklessly!
You are too injured to fight recklessly!
You are too injured to fight recklessly!
You are too injured to fight recklessly!
You are too injured to fight recklessly!
You are too injured to fight recklessly!
You are too injured to fight recklessly!
You are too injured to fight recklessly!
You are too injured to fight recklessly!
You are too injured to fight recklessly!
You are too injured to fight recklessly!
You are too injured to fight recklessly!
You are too injured to fight recklessly!
Unknown command.
The gnoll sergeant blocks your attack. You block the gnoll sergeant's attack.
The gnoll sergeant hits you with a +0 trident.
You slash the gnoll sergeant!
The gnoll sergeant is heavily wounded.
You block the gnoll sergeant's attack. The gnoll sergeant blocks your attack.
The gnoll sergeant is heavily wounded.
The gnoll sergeant hits you with a +0 trident!
The gnoll sergeant blocks your attack.
The gnoll sergeant is heavily wounded.
The gnoll sergeant hits you with a +0 trident.
* * * LOW HITPOINT WARNING * * *
You block the gnoll sergeant's attack.
You closely miss the gnoll sergeant.
The gnoll sergeant is heavily wounded.
The gnoll sergeant hits you with a +0 trident!
* * * LOW HITPOINT WARNING * * *
You barely miss the gnoll sergeant.
The gnoll sergeant is heavily wounded.
The gnoll sergeant hits you with a +0 trident!
You die...

#######......## ##.##.# #....
#..(..#......## ##.##.# #....
#.###.#.).....# #..##.# #....
#.# #.#......## ##.##.# #....
#.# #.#......## ##.##.# #####
#.# #.#.......##
#..##)######### #.#
#.#......##S ###.##..........
#.#
#.#......##g#.##.####........
..# #.#.......##@.#..#
#.######.
#####.#..##..##..###.#
#.#......
......#..###.##.#.##.#
#.#.####. #.###.#..#
#..##.##..# #.#.# #.
#.#......####..#.#..### #.#.#
#. #.#.#.#.........#.....#
#.#.# #.
#.#.###########.#.###.# #.#.#
#. #.#.......#
##.#.###.###.#.# #.
#.#.#####.#
#..#..##.....#.####.


You could see a gnoll sergeant and an adder.

Vanquished Creatures
  Pikel (D:4)
  An ice beast (D:5)
  An ogre (D:5)
  3 scorpions
  An orc priest (D:5)
  2 hounds (D:5)
  A jelly (D:5)
  An iguana (D:4)
  An orc wizard (D:5)
  3 gnolls (D:5)
  10 adders
  A white imp (D:5)
  An ufetubus (D:4)
  3 dart slugs
  8 orcs
  6 bats
  5 endoplasms
  4 giant cockroaches
  3 goblins
  3 hobgoblins (D:4)
  3 jackals (D:4)
  4 quokkas
  8 ball pythons
  3 frilled lizards
  5 kobolds
  A rat (D:3)
83 creatures vanquished.

Notes
Turn   | Place    | Note
-------+----------+-------------------------------------------
     0 | D:1      | p00ps00p the Hill Orc Fighter began the quest for the Orb.
     0 | D:1      | Reached XP level 1. HP: 19/19 MP: 1/1
   154 | D:1      | Reached XP level 2. HP: 26/27 MP: 2/2
   230 | D:1      | Found a faded altar of an unknown god.
   858 | D:2      | Reached XP level 3. HP: 33/33 MP: 3/3
  1258 | D:2      | Reached XP level 4. HP: 40/40 MP: 4/4
  2319 | D:4      | Reached XP level 5. HP: 42/47 MP: 5/5
  2501 | D:4      | Noticed a lemure
  2501 | D:4      | Noticed a lemure
  2503 | D:4      | Noticed Pikel
  2504 | D:4      | Noticed a lemure
  2505 | D:4      | Noticed a lemure
  2513 | D:4      | Killed Pikel
  2514 | D:4      | Reached skill level 5 in Fighting
  2514 | D:4      | Reached skill level 5 in Axes
  2514 | D:4      | Reached skill level 5 in Armour
  2514 | D:4      | Reached skill level 5 in Shields
  2514 | D:4      | Reached XP level 6. HP: 42/57 MP: 6/6
  2514 | D:4      | Reached XP level 7. HP: 45/62 MP: 7/7
  3052 | D:5      | Entered Level 5 of the Dungeon
  3559 | D:5      | Reached XP level 8. HP: 68/71 MP: 8/8
  4124 | D:5      | Slain by a gnoll sergeant

Illustrated notes

Levels and vault maps discovered:
D:1:      dpeg_arrival_tiny_i, layout_loops_ring,
          shapermc_ecumenical_altar_petra, minmay_misc_feat_more_columns
D:2:      minmay_wonky_spiral, layout_loops_ring, st_stairs_2
D:3:      layout_basic
D:4:      layout_gridville, uniq_pikel
D:5:      layout_basic, minmay_manual_macuahuitl

Skill      XL: |  1  2  3  4  5  6  7  8 |
---------------+-------------------------+-----
Axes           | 3 4 5 6 |  6.8
Fighting       | 4 5 6 |  6.8
Armour         | 4 5 6 |  6.2
Shields        | 4 5 6 |  6.2

Action                   |  1- 3 |  4- 6 |  7- 9 || total
-------------------------+-------+-------+-------++-------
Melee: War axe           |    80 |    78 |   120 ||   278
Throw: Javelin           |       |       |     5 ||     5
  Use: Scroll            |       |     8 |       ||     8
       Potion            |       |     1 |       ||     1
Armor: Scale mail        |    37 |    25 |       ||    62
       Chain mail        |       |    21 |    62 ||    83
Dodge: Dodged            |    42 |    35 |    23 ||   100
Block: Buckler           |    25 |    30 |    12 ||    67
       Kite shield       |       |       |    45 ||    45

Table legend: (Time is in decaauts)
 A = Elapsed time spent in this place.
 B = Non-inter-level travel time spent in this place.
 C = Inter-level travel time spent in this place.
 D = Time resting spent in this place.
 E = Time spent auto-exploring this place.
 F = Levels seen in this place.
 G = Mean time per level.
                   A        B        C        D        E       F      G
               +--------+--------+--------+--------+--------+-----+--------+
         Total |   4226 |   4062 |    164 |    359 |   3015 |   5 |  845.2 |
       Dungeon |   4226 |   4062 |    164 |    359 |   3015 |   5 |  845.2 |
               +--------+--------+--------+--------+--------+-----+--------+

Top non-repeatable levels by time:
     D:5: 1103 daAuts
     D:2: 832 daAuts
     D:4: 791 daAuts
     D:3: 778 daAuts
     D:1: 720 daAuts
